 Dungeon Crawl Stone Soup version 0.28.0-53-g5a82cb258f (webtiles) character file.

Game seed: 14171894708395724694

194410 mcbry74 the Severer (level 17, -7/150 HPs)
             Began as a Minotaur Fighter on July 2, 2022.
             Was the Champion of Okawaru.
             Mangled by a golden dragon simulacrum (16 damage)
             ... summoned by an orange crystal statue
             ... while paralysed
             ... in an ice cave.
             The game lasted 03:50:06 (33346 turns).

mcbry74 the Severer (Minotaur Fighter)             Turns: 33346, Time: 03:50:06

Health: -7/150     AC: 23    Str: 30      XL:     17   Next: 67%
Magic:  1/33       EV:  2    Int:  0 (7)  God:    Okawaru [******]
Gold:   422        SH:  0    Dex: 11      Spells: 16/16 levels left

rFire   + . .      SeeInvis .   Q - +3 broad axe (vamp)
rCold   + + .      Faith    .   (no shield)
rNeg    . . .      Spirit   .   c - +2 plate armour {rPois}
rPois   +          Reflect  .   h - +2 hat
rElec   .          Harm     .   O - scarf {rC+ rF+}
rCorr   .          Rampage  .   H - +1 pair of gloves "Ikoenech" {MP+9 Str+4 Slay+3}
Will    +....                   (no boots)
Stlth   ..........              y - amulet of regeneration
HPRegen 1.15/turn               k - ring of protection from cold
MPRegen 0.23/turn               u - ring of flight

@: confused, paralysed, flying, slowed, lost intelligence, unable to read
A: horns 2, retaliatory headbutt
}: 1/15 runes: decaying
a: Renounce Religion, Heroism, Finesse, Duel


You were in an ice cave.
You worshipped Okawaru.
Okawaru was exalted by your worship.
You visited 7 branches of the dungeon, and saw 32 of its levels.
You visited 1 bazaar.
You also visited: Sewer, Bailey and Ice Cave.

You collected 3071 gold pieces.
You spent 2649 gold pieces at shops.

Inventory:

Hand Weapons
 B - the +5 trident "Desif" {pain, Stlth+}
   (Okawaru gifted it to you on level 2 of the Orcish Mines)

   In the hands of one skilled in necromantic magic, it inflicts extra damage on
   living creatures.
   Stlth:     It makes you more stealthy.
 E - a +2 broad axe of draining
 Q - a +3 vampiric broad axe (weapon)
Missiles
 f - 12 curare-tipped darts
 C - a silver boomerang
 L - 27 boomerangs
 N - 5 javelins (quivered)
 T - 4 boomerangs of dispersal
 U - 9 silver javelins
Armour
 c - a +2 plate armour of poison resistance (worn)
 h - a +2 hat (worn)
 H - the +1 pair of gloves "Ikoenech" (worn) {MP+9 Str+4 Slay+3}
   (Okawaru gifted it to you on level 4 of the Lair of Beasts)

   Str:       It affects your strength (+4).
   Slay:      It affects your accuracy & damage with ranged weapons and melee
   (+3).
   MP:        It affects your magic capacity (+9).
 O - a scarf of resistance (worn)
 W - the +2 kite shield of Okawaru's Approval {rC- Int+2 Dex+4}
   (Okawaru gifted it to you on level 6 of the Lair of Beasts)

   Int:       It affects your intelligence (+2).
   Dex:       It affects your dexterity (+4).
   rC:        It makes you vulnerable to cold.
Jewellery
 k - a ring of protection from cold (left hand)
 p - a ring of resist corrosion
 u - a ring of flight (right hand)
 y - an amulet of regeneration (around neck)
 G - a ring of fire
 K - the ring "Impif" {rElec AC+4}
   (You bought it in a shop on level 10 of the Dungeon)

   [ring of protection]

   AC:        It affects your AC (+4).
   rElec:     It insulates you from electricity.
 R - a ring of willpower
Wands
 a - a wand of mindburst (14)
 m - a wand of digging (21)
 J - a wand of paralysis (1)
 S - a wand of iceblast (10)
 Y - a wand of acid (8)
Scrolls
 g - 5 scrolls of magic mapping
 i - 2 scrolls of silence
 l - 8 scrolls of fear
 n - 3 scrolls of fog
 o - 9 scrolls of blinking
 t - 23 scrolls of teleportation
 A - 2 scrolls of holy word
 P - a scroll of enchant weapon
 V - 4 scrolls of identify
Potions
 b - a potion of heal wounds
 d - 4 potions of might
 e - a potion of ambrosia {unknown}
 q - 11 potions of curing
 s - a potion of invisibility
 v - 4 potions of mutation
 w - 3 potions of haste
 M - a potion of cancellation
 Z - 3 potions of brilliance
Miscellaneous
 j - a box of beasts
 r - a condenser vane
 D - a lightning rod (4/4)


   Skills:
 + Level 13.5 Fighting
 + Level 16.2(17.4) Axes
 - Level 7.6(12.9) Maces & Flails
 - Level 7.6(12.9) Polearms
 + Level 12.0 Throwing
 + Level 14.2 Armour
 + Level 11.4 Dodging
 + Level 12.8 Shields
 + Level 10.9 Invocations
 + Level 10.6 Evocations


You had 16 spell levels left.
You didn't know any spells.
Your spell library contained the following spells:

 Spells                   Type           Power      Damage    Failure   Level
 Freeze                   Ice            0%         1d3       99%         1
 Magic Dart               Conj           0%         1d3       99%         1
 Pain                     Necr           0%         1d4       99%         1
 Corpse Rot               Necr/Air       0%         N/A       99%         2
 Ensorcelled Hibernation  Hex/Ice        0%         N/A       99%         2
 Poisonous Vapours        Pois/Air       0%         N/A       99%         2
 Searing Ray              Conj           0%         2d4       99%         2
 Confusing Touch          Hex            0%         N/A       100%        3
 Frozen Ramparts          Ice            0%         1d2       100%        3
 Gell's Gravitas          Tloc           0%         N/A       100%        3
 Inner Flame              Hex/Fire       0%         N/A       100%        3
 Lesser Beckoning         Tloc           0%         N/A       100%        3
 Mephitic Cloud           Conj/Pois/Air  0%         N/A       100%        3
 Ozocubu's Armour         Ice            0%         N/A       100%        3
 Stone Arrow              Conj/Erth      0%         3d7       100%        3
 Teleport Other           Tloc           0%         N/A       100%        3
 Anguish                  Hex/Necr       0%         N/A       100%        4
 Cause Fear               Hex            0%         N/A       100%        4
 Fulminant Prism          Conj/Hex       0%         3d6       100%        4
 Hailstorm                Conj/Ice       0%         3d3       100%        4
 Agony                    Necr           0%         N/A       100%        5
 Borgnjor's Vile Clutch   Necr/Erth      0%         N/A       100%        5
 Excruciating Wounds      Necr           0%         N/A       100%        5
 Dispersal                Tloc           0%         N/A       100%        6
 Dragon Form              Tmut           0%         N/A       100%        7
 Enfeeble                 Hex            0%         N/A       100%        7
 Ozocubu's Refrigeration  Ice            0%         4d5       100%        7
 Discord                  Hex            0%         N/A       100%        8
 Lehudib's Crystal Spear  Conj/Erth      0%         10d2      100%        8
 Call Imp                 Summ           Unusable   N/A       N/A         2
 Tukima's Dance           Hex            Unusable   N/A       N/A         3
 Animate Armour           Summ/Erth      Unusable   N/A       N/A         4
 Animate Dead             Necr           Unusable   N/A       N/A         4
 Summon Forest            Summ/Tloc      Unusable   N/A       N/A         5
 Death Channel            Necr           Unusable   N/A       N/A         6
 Malign Gateway           Summ/Tloc      Unusable   N/A       N/A         7
 Dragon's Call            Summ           Unusable   N/A       N/A         9

Dungeon Overview and Level Annotations

Branches:
Dungeon (15/15)            Temple (1/1) D:7            Lair (6/6) D:11
  Swamp (4/4) Lair:3        Snake (3/4) Lair:4        Slime (0/5) Lair:6
    Orc (2/2) D:12            Elf (0/3) Orc:2        Vaults (0/5) D:14
 Depths (1/4) D:15          Sewer (visited)          Bailey (visited)
  IceCv (1/1)

Altars:
Ashenzari
Cheibriados
Dithmenos
Elyvilon
Fedhas
Gozag
Hepliaklqana
Kikubaaqudgha
Makhleb
Nemelex Xobeh
Okawaru
Qazlal
Ru
Sif Muna
Trog
Uskayaw
Vehumet
Wu Jian
Xom
Yredelemnul
Zin
The Shining One
Beogh

Shops:
D:6 =   D:9 :   D:10 ?*(*(   D:11 :   D:13 (   Orc:2 [([=*   Snake:1 :(
Snake:2 [

Annotations:
IceCv exclusion: 2 orange crystal statues


Innate Abilities, Weirdness & Mutations

You have a pair of horns on your head.
You reflexively headbutt those who attack you in melee.


Message History

The golden dragon simulacrum tramples you but does no damage.
The orange crystal statue fixes its piercing gaze on you.
You feel dopey.
You have lost your intelligence.
Something feeds on your intellect!
The golden dragon simulacrum bites you but does no damage.
The golden dragon simulacrum claws you.
The golden dragon simulacrum freezes you.
You resist.
The golden dragon simulacrum tramples you but does no damage.
The orange crystal statue fixes its piercing gaze on you.
You feel your power leaking away.
The orange crystal statue glitters.
You resist with almost no effort. The golden dragon simulacrum bites you!
The golden dragon simulacrum freezes you!
You resist.
* * * LOW HITPOINT WARNING * * *
The golden dragon simulacrum claws you but does no damage.
The golden dragon simulacrum tramples you but does no damage.
The golden dragon simulacrum bites you!
* * * LOW HITPOINT WARNING * * *
The golden dragon simulacrum freezes you!
You resist.
* * * LOW HITPOINT WARNING * * *
The golden dragon simulacrum completely misses you.
The golden dragon simulacrum tramples you but does no damage.
The orange crystal statue glitters.
You are more confused.
The golden dragon simulacrum bites you but does no damage.
The golden dragon simulacrum claws you but does no damage.
The golden dragon simulacrum tramples you but does no damage.
The orange crystal statue glitters.
You are more confused.
The orange crystal statue fixes its piercing gaze on you.
Something tries to feed on your intellect!
The golden dragon simulacrum bites you but does no damage.
The golden dragon simulacrum claws you.
* * * LOW HITPOINT WARNING * * *
The golden dragon simulacrum freezes you!
You resist.
You die...

#.......#
#......)#
#...(...#
#(!...)(#
####.####
#.......#
#.......#
#.....Z.#
#.....Z@#
#.....°8#
##.....##
##...##
##8## WW
..Z ...


You could see 2 orange crystal statues, 2 freezing wraiths and 2 golden dragon
simulacra.

Vanquished Creatures
  Nikola (Swamp:3)
  Asterion (Snake:1)
  Gastronok (Lair:2)
  2 fenstrider witches
  A nagaraja (Snake:3)
  An orc warlord (Orc:2)
  A very ugly thing (IceCv)
  3 eleionomae
  3 dire elephants (Lair:6)
  4 bunyips
  2 green deaths (Swamp:4)
  2 fire dragons (D:15)
  2 great orbs of eyes (Swamp:4)
  17 hydras
  4 naga warriors (Snake:1)
  2 ogre magi
  3 vault guards (D:14)
  A caustic shrike simulacrum (IceCv)
  8 centaur warriors
  7 boulder beetles
  3 ghost crabs
  A hell beast (Swamp:4)
  3 anacondas
  6 two-headed ogres
  5 alligators
  13 death yaks
  2 tengu warriors (D:15)
  7 orc high priests
  2 deep elf knights (D:14)
  A spriggan berserker (Swamp:4)
  2 naga sharpshooters
  Nergalle (Lair:2)
  4 spriggans
  A salamander mystic (Snake:2)
  A spectral anaconda (Lair:6)
  6 goliath frogs
  5 bog bodies
  3 spriggan druids
  6 swamp dragons (Swamp:4)
  4 naga ritualists (Snake:1)
  An obsidian statue (Lair:6)
  A wizard (D:14)
  4 necromancers (Lair:6)
  4 orc sorcerers
  8 mana vipers
  17 ugly things
  2 deep elf pyromancers (D:14)
  7 orc knights
  6 will-o-the-wisps
  4 oklob plants
  6 manticores
  4 cyclopes
  6 salamanders
  18 black mambas
  4 orange demons (Swamp:4)
  5 naga magi
  6 elephants (Lair:6)
  A dire elephant zombie (Lair:6)
  15 cane toads
  A gargoyle (D:14)
  2 unseen horrors
  Maggie (D:7)
  A torpor snail (Lair:4)
  3 rime drakes
  9 komodo dragons
  2 efreet (D:15)
  2 anaconda simulacra (IceCv)
  2 golden dragon simulacra (IceCv)
  A freezing wraith (IceCv)
  2 tengu conjurers (D:15)
  7 polar bears
  A bloated husk (Swamp:4)
  12 trolls
  A blink frog (shapeshifter) (D:15)
  19 blink frogs
  20 slime creatures
  Prince Ribbit (D:5)
  9 tyrant leeches
  4 hornets
  A tarantella (shapeshifter) (D:14)
  Grinder (D:5)
  2 dream sheep (D:14)
  Sigmund (D:5)
  A vampire (D:14)
  70 yaks
  5 wyverns
  8 basilisks
  2 shadows
  3 wraiths
  A dire elephant simulacrum (IceCv)
  4 large abominations (Swamp:4)
  2 death yak simulacra (Lair:6)
  19 vampire mosquitoes
  A spectral cane toad (Lair:6)
  A golden eye (shapeshifter) (D:14)
  A harpy simulacrum (IceCv)
  3 redbacks (D:15)
  6 wargs
  18 swamp worms
  23 water moccasins
  2 acid dragons
  13 nagas
  2 hydra simulacra (IceCv)
  38 orc warriors
  3 ice beasts
  2 swamp drakes
  2 sky beasts
  A black bear (Lair:4)
  An alligator simulacrum (IceCv)
  3 ettin simulacra (IceCv)
  A boggart (D:14)
  27 wolves
  8 ogres
  The ghost of zielscheibe the Digger, an amateur DgEE (D:3)
  10 centaurs
  A phantom (D:6)
  13 kobold brigands
  2 gnoll sergeants
  12 bullfrogs
  6 killer bees (D:8)
  A water moccasin skeleton (D:7)
  4 wights (D:6)
  2 lindwurm simulacra (IceCv)
  5 electric eels
  4 howler monkeys
  3 centaur zombies
  4 hounds
  2 bullfrog zombies
  12 orc priests
  2 jellies (D:4)
  4 iguanas
  19 orc wizards
  6 hell rats
  16 gnolls
  7 adders
  A river rat (Sewer)
  A shadow imp (D:8)
  A white imp (D:5)
  An ufetubus (D:6)
  A worm (D:4)
  6 dart slugs
  59 orcs
  9 endoplasms
  5 giant cockroaches
  8 goblins
  9 hobgoblins
  2 jackals (D:3)
  A quokka (D:3)
  5 ball pythons
  7 bats
  5 frilled lizards
  25 kobolds
  14 rats
933 creatures vanquished.

Vanquished Creatures (others)
  A will-o-the-wisp (Swamp:3)
  2 bushes (Lair:6)
  A butterfly (Lair:4)
  16 foxfires
  40 fungi
  92 plants
  29 withered plants (Lair:6)
181 creatures vanquished.

Grand Total: 1114 creatures vanquished

Notes
Turn   | Place    | Note
-------+----------+-------------------------------------------
     0 | D:1      | mcbry74 the Minotaur Fighter began the quest for the Orb.
     0 | D:1      | Reached XP level 1. HP: 19/19 MP: 0/0
   140 | D:1      | Reached XP level 2. HP: 25/27 MP: 1/1
   350 | D:1      | Reached skill level 3 in Axes
   851 | D:2      | Reached XP level 3. HP: 33/33 MP: 2/2
  1038 | D:2      | Reached skill level 4 in Axes
  1494 | D:3      | Reached XP level 4. HP: 40/40 MP: 3/3
  1852 | D:3      | Noticed a water moccasin
  1872 | D:3      | Killed a water moccasin
  1873 | D:3      | Reached skill level 6 in Axes
  1873 | D:3      | Reached XP level 5. HP: 28/46 MP: 4/4
  2110 | D:3      | Found a runed translucent gate.
  2110 | D:3      | Noticed zielscheibe's ghost (amateur DgEE)
  2111 | D:3      | Found a runed translucent gate.
  2112 | D:3      | Found a runed translucent gate.
  2113 | D:3      | Identified the +1 short sword "Weixuad" {vorpal, rC+ Will+
                  | rCorr}
  2362 | D:3      | Reached skill level 7 in Axes
  2366 | D:3      | Reached XP level 6. HP: 33/52 MP: 5/5
  2570 | D:3      | Found a broken altar of Ashenzari.
  3208 | D:4      | Found a glowing drain.
  3212 | Sewer    | Entered a sewer
  3320 | Sewer    | Reached skill level 8 in Axes
  3878 | D:5      | Entered Level 5 of the Dungeon
  3926 | D:5      | Reached XP level 7. HP: 55/59 MP: 6/6
  3981 | D:5      | Noticed Prince Ribbit
  4001 | D:5      | Killed Prince Ribbit
  4002 | D:5      | Reached skill level 9 in Axes
  4048 | D:5      | Noticed Sigmund
  4316 | D:5      | Killed Sigmund
  4317 | D:5      | Reached skill level 10 in Axes
  4356 | D:5      | Noticed Grinder
  4385 | D:5      | Killed Grinder
  4386 | D:5      | Reached skill level 11 in Axes
  4386 | D:5      | Reached XP level 8. HP: 43/66 MP: 7/7
  4812 | D:6      | Reached skill level 12 in Axes
  4874 | D:6      | Found Oduoprig's Jewellery Emporium.
  4931 | D:6      | Reached skill level 1 in Maces & Flails
  4931 | D:6      | Reached skill level 1 in Polearms
  5267 | D:6      | Reached skill level 1 in Throwing
  5777 | D:6      | Reached XP level 9. HP: 71/73 MP: 8/8
  5919 | D:6      | Reached skill level 5 in Fighting
  5946 | D:6      | Reached skill level 5 in Armour
  6773 | D:3      | Killed zielscheibe's ghost
  7087 | D:7      | Found a shimmering altar of Xom.
  7099 | D:7      | Found a sacrificial altar of Ru.
  7141 | D:7      | Noticed Maggie
  7162 | D:7      | Killed Maggie
  7163 | D:7      | Reached skill level 1 in Evocations
  7299 | D:7      | Found a staircase to the Ecumenical Temple.
  7307 | Temple   | Entered the Ecumenical Temple
  7448 | Temple   | Became a worshipper of Warmaster Okawaru
  7499 | D:7      | Found a glowing silver altar of Zin.
  8223 | D:8      | Reached XP level 10. HP: 61/84 MP: 9/9
  8231 | D:8      | Reached * piety under Okawaru
  8299 | D:8      | Reached skill level 5 in Maces & Flails
  8327 | D:8      | Reached skill level 5 in Polearms
  8738 | D:9      | Found Gazo's Self-Improvement Boutique.
  9122 | D:9      | Noticed a two-headed ogre
  9181 | D:9      | Killed a two-headed ogre
  9182 | D:9      | Reached skill level 1 in Invocations
  9414 | D:9      | Found an ornate altar of the Wu Jian Council.
  9676 | D:9      | Found a hide-covered altar of Uskayaw.
  9717 | D:10     | Entered Level 10 of the Dungeon
  9717 | D:10     | Found Ytif's Assorted Antiques.
  9746 | D:10     | Found a flagged portal.
  9752 | D:10     | Found a glowing golden altar of the Shining One.
  9802 | Bailey   | Entered a bailey
  9833 | Bailey   | Reached ** piety under Okawaru
  9844 | Bailey   | Reached skill level 5 in Throwing
 10102 | Bailey   | Found a bloodstained altar of Trog.
 10114 | Bailey   | Identified the +4 hand axe of Arrival {flame, Drain rF+
                  | rCorr Int+4}
 10223 | D:10     | Found Xiatam's Assorted Antiques.
 10231 | D:10     | Bought a clouded bronze ring for 180 gold pieces
 10231 | D:10     | Identified the ring "Impif" {rElec AC+4} (You bought it in
                  | a shop on level 10 of the Dungeon)
 10385 | D:10     | Found Onuvaa Axta's Magic Scroll Boutique.
 10393 | D:10     | Bought a scroll of magic mapping for 59 gold pieces
 10393 | D:10     | Bought a scroll of teleportation for 51 gold pieces
 10393 | D:10     | Bought a scroll of identify for 34 gold pieces
 10393 | D:10     | Bought a scroll of fear for 59 gold pieces
 10393 | D:10     | Bought a scroll of teleportation for 51 gold pieces
 10393 | D:10     | Bought a scroll of teleportation for 51 gold pieces
 10462 | D:10     | You fall into a shaft and drop 2 floors!
 10548 | D:11     | Reached *** piety under Okawaru
 10565 | D:11     | Reached XP level 11. HP: 93/93 MP: 11/11
 10842 | D:10     | Found Jouwue's Weapon Boutique.
 10870 | D:10     | Found Ryoth's Weapon Emporium.
 10872 | D:10     | Found a burning altar of Makhleb.
 10935 | D:10     | Noticed a two-headed ogre
 10961 | D:10     | Killed a two-headed ogre
 10961 | D:10     | Reached **** piety under Okawaru
 11132 | D:11     | Found Hosa's Book Boutique.
 11160 | D:11     | Reached skill level 1 in Dodging
 11441 | D:11     | Received a gift from Okawaru
 11578 | D:11     | Reached ***** piety under Okawaru
 11580 | D:11     | Found a staircase to the Lair.
 11587 | D:11     | Noticed a boulder beetle
 11633 | D:11     | Killed a boulder beetle
 11634 | D:11     | Reached skill level 5 in Shields
 11701 | Lair:1   | Entered Level 1 of the Lair of Beasts
 11738 | Lair:1   | Received a gift from Okawaru
 11739 | Lair:1   | Reached skill level 5 in Evocations
 11865 | Lair:1   | Reached XP level 12. HP: 79/101 MP: 14/14
 12100 | Lair:1   | Noticed a four-headed hydra
 12109 | Lair:1   | Killed a two-headed hydra
 12109 | Lair:1   | Received a gift from Okawaru
 12290 | Lair:1   | Reached skill level 5 in Invocations
 12398 | Lair:1   | Identified the +0 ring mail of Beyond {rF+ rN+ Stlth+}
 12839 | Lair:2   | Noticed Gastronok
 12881 | Lair:2   | Killed Gastronok
 13000 | Lair:2   | Received a gift from Okawaru
 13006 | Lair:2   | Reached skill level 5 in Dodging
 13493 | Lair:2   | Reached skill level 10 in Armour
 13644 | Lair:2   | Got Exkitz's Compendium of the Compass and Execration
 13932 | Lair:2   | Noticed Nergalle
 13998 | Lair:2   | Killed Nergalle
 14712 | Lair:3   | Noticed a four-headed hydra
 14718 | Lair:3   | Killed a three-headed hydra
 14740 | Lair:3   | Reached XP level 13. HP: 108/108 MP: 16/16
 15027 | Lair:3   | Found a staircase to the Swamp.
 15133 | Lair:3   | Reached ****** piety under Okawaru
 15492 | Lair:4   | Identified the +1 pair of gloves "Ikoenech" {MP+9 Str+4
                  | Slay+3} (Okawaru gifted it to you on level 4 of the Lair of
                  | Beasts)
 15492 | Lair:4   | Received a gift from Okawaru
 15684 | Lair:4   | Found a staircase to the Snake Pit.
 16494 | Lair:5   | Reached skill level 13 in Axes
 17302 | Lair:6   | Entered Level 6 of the Lair of Beasts
 17340 | Lair:6   | Identified the +2 kite shield of Okawaru's Approval {rC-
                  | Int+2 Dex+4} (Okawaru gifted it to you on level 6 of the
                  | Lair of Beasts)
 17340 | Lair:6   | Received a gift from Okawaru
 17432 | Lair:6   | Reached XP level 14. HP: 100/119 MP: 18/18
 18235 | Lair:6   | Reached skill level 10 in Fighting
 18319 | Lair:6   | Identified the +3 scale mail of Mutualism {*Corrode rN++
                  | Regen+ Stlth+} (Okawaru gifted it to you on level 6 of the
                  | Lair of Beasts)
 18319 | Lair:6   | Received a gift from Okawaru
 19214 | Lair:6   | Found a staircase to the Slime Pits.
 19854 | D:10     | Bought a shiny plate armour for 702 gold pieces
 20313 | D:11     | Found a shimmering altar of Xom.
 20552 | D:12     | Reached skill level 14 in Axes
 20837 | D:12     | Found a staircase to the Orcish Mines.
 20913 | Orc:1    | Entered Level 1 of the Orcish Mines
 21026 | Orc:1    | Paralysed by an orc sorcerer for 4 turns
 21153 | Orc:1    | Reached skill level 10 in Shields
 21276 | Orc:1    | Received a gift from Okawaru
 21491 | Orc:2    | Entered Level 2 of the Orcish Mines
 21511 | Orc:2    | Found Guisur's Antique Armour Shoppe.
 21514 | Orc:2    | Identified the +5 trident "Desif" {pain, Stlth+} (Okawaru
                  | gifted it to you on level 2 of the Orcish Mines)
 21514 | Orc:2    | Received a gift from Okawaru
 21522 | Orc:1    | Reached XP level 15. HP: 100/128 MP: 20/20
 21922 | Orc:2    | Found Bainae's Antique Weapon Shop.
 21924 | Orc:2    | Found a staircase to the Elven Halls.
 22051 | Orc:2    | Found Nuesye's Jewellery Shoppe.
 22051 | Orc:2    | Noticed an orc warlord
 22084 | Orc:2    | Killed an orc warlord
 22189 | Orc:2    | Reached skill level 10 in Throwing
 22200 | Orc:2    | Found Ruteqaudu's General Store.
 22251 | Orc:2    | Found Hierphoam's Armour Shoppe.
 23130 | D:6      | Bought a ring of see invisible for 180 gold pieces
 23480 | D:13     | Found Hilucar's Weapon Boutique.
 24006 | D:14     | Identified the +0 hat "Axumat" {rPois} (Okawaru gifted it
                  | to you on level 14 of the Dungeon)
 24006 | D:14     | Received a gift from Okawaru
 24322 | D:14     | Found a gate to the Vaults.
 25687 | D:15     | Entered Level 15 of the Dungeon
 25971 | D:15     | Identified the +5 ring mail of the Tormentor {+Inv}
                  | (Okawaru gifted it to you on level 15 of the Dungeon)
 25971 | D:15     | Received a gift from Okawaru
 26048 | D:15     | Reached skill level 15 in Axes
 26048 | D:15     | Reached XP level 16. HP: 128/139 MP: 22/22
 26481 | D:15     | Found a staircase to the Depths.
 26509 | Depths:1 | Entered Level 1 of the Depths
 26877 | D:10     | Bought a tubular steel ring for 135 gold pieces
 26877 | D:10     | Bought a scratched peridot ring for 135 gold pieces
 26947 | D:6      | Bought a ring of fire for 300 gold pieces
 26947 | D:6      | Bought a ring of protection from cold for 300 gold pieces
 26947 | D:6      | Bought a ring of willpower for 300 gold pieces
 27355 | Swamp:1  | Entered Level 1 of the Swamp
 27355 | Swamp:1  | You fall into a shaft and drop 1 floor!
 27446 | Swamp:1  | Reached skill level 10 in Dodging
 28317 | Swamp:3  | Paralysed by a fenstrider witch for 3 turns
 28325 | Swamp:2  | Received a gift from Okawaru
 28347 | Swamp:3  | Paralysed by a fenstrider witch for 5 turns
 28358 | Swamp:3  | Received a gift from Okawaru
 28585 | Swamp:3  | Received a gift from Okawaru
 28872 | Swamp:3  | Reached skill level 10 in Invocations
 28881 | Swamp:3  | Noticed Nikola
 28901 | Swamp:3  | Killed Nikola
 29117 | Swamp:4  | Entered Level 4 of the Swamp
 29225 | Swamp:4  | HP: 5/141 [spriggan berserker/+0 war axe (30)]
 29504 | Swamp:4  | Reached skill level 10 in Evocations
 29858 | Swamp:4  | Received a gift from Okawaru
 29937 | Swamp:4  | Received a gift from Okawaru
 30063 | Swamp:4  | Reached XP level 17. HP: 118/148 MP: 23/23
 30108 | Swamp:4  | Received a gift from Okawaru
 30129 | Swamp:4  | Paralysed by a great orb of eyes for 7 turns
 30312 | Swamp:4  | Received a gift from Okawaru
 30368 | Swamp:4  | Got a decaying rune of Zot
 30881 | Snake:1  | Entered Level 1 of the Snake Pit
 31556 | Snake:1  | Received a gift from Okawaru
 31648 | Snake:1  | Found Fugu Qir's Weapon Shop.
 31650 | Snake:1  | Found Ymeukua's Book Boutique.
 31761 | Snake:1  | Reached skill level 16 in Axes
 31768 | Snake:1  | Identified the +1 robe of Okawaru's Pride {+Inv rPois}
                  | (Okawaru gifted it to you on level 1 of the Snake Pit)
 31768 | Snake:1  | Received a gift from Okawaru
 32002 | Snake:1  | Noticed Asterion
 32007 | Snake:1  | Killed Asterion
 32559 | Snake:2  | Found Agiheank's Antique Armour Boutique.
 32581 | Snake:2  | Found a flickering gateway to a bazaar.
 32611 | Bazaar   | Entered a bazaar
 32625 | Bazaar   | Found Vaqoty's Jewellery Shoppe.
 32641 | Bazaar   | Found Atulugab's Distillery.
 32669 | Bazaar   | Bought a potion of cancellation for 112 gold pieces
 32680 | Bazaar   | Found Dafaiwis's Weapon Shoppe.
 32695 | Bazaar   | Found Suonumokk's Weapon Emporium.
 32695 | Bazaar   | Found Ixtaxo's Book Shoppe.
 32863 | Snake:2  | You are sucked into a shaft and drop 1 floor!
 33207 | Snake:3  | Found a frozen archway.
 33214 | IceCv    | Entered an ice cave
 33343 | IceCv    | Lost intelligence.
 33346 | IceCv    | Mangled by a golden dragon simulacrum

Illustrated notes

Levels and vault maps discovered:
D:1:      tarquinn_simple_flora_water_f, layout_loops_ring
D:2:      layout_rooms, lightli_corner_chamber
D:3:      minmay_chambers_of_threes, layout_basic, general_overflow_altar,
          biasface_ghost_orc_armoury, grunt_ministairs_2, minmay_misc_feat_room
D:4:      layout_basic, gup_sewer_entry_bowl
D:5:      layout_rooms, hangedman_decor_push, uniq_grinder, uniq_sigmund,
          uniq_prince_ribbit1
D:6:      layout_layer_cave, serial_shops, nicolae_diamond_shop, st_stairs_11,
          minmay_fractal_squares_diagonal_5
D:7:      layout_gridville, kennysheep_mini, nicolae_overflow_squiral,
          minmay_temple_entry_crystal_x, uniq_maggie
D:8:      layout_basic
D:9:      layout_loops_ring, mainiacjoe_overflow_catwalk, lemuel_tele_altar,
          kennysheep_big_empty_room, wad_floor_pattern_2,
          dreamdust_deal_with_the_devil, nicolae_shop_self_help
D:10:     layout_long_grid, enter_bailey_5, serial_shops, nicolae_shop_trees,
          nicolae_stop_n_shop_1, nicolae_stop_n_shop_2,
          nicolae_shop_temple_entry_statues_fountains, nicolae_lakefront_shop,
          hangedman_feature_mirror, kennysheep_generic_room_15
D:11:     layout_loops_corners, minmay_lair_entry_grove, serial_shops, shop,
          tgw_xom
D:12:     layout_loops_ring, orc_0_dummy
D:13:     layout_cave_pools, serial_shops, nicolae_shop_waterfront
D:14:     minmay_box_of_statues, layout_basic, grunt_vaults_entry_fortified,
          hangedman_decor_lopped, hangedman_ranch
D:15:     grunt_enter_depths_hoard, layout_basic
Temple:   eino_temple_rhombus
Lair:1:   layout_roguey, hangedman_lair_unloving_vines, st_stairs_10,
          serial_bayou_ford_a
Lair:2:   dpeg_oklob_gauntlet, layout_cave_pods, chequers_serial_rivers_marsh,
          grunt_megastairs_4, serial_bayou_shore_b, lemuel_fruit_fields,
          uniq_nergalle, uniq_gastronok
Lair:3:   layout_gridlike, nicolae_swamp_entry_splash_gauntlet
Lair:4:   layout_small_grid, dummy_snake_entry, lemuel_old_faithful,
          lemuel_fruit_fields, lemuel_fruit_fields, infiniplex_staircase_pool_2
Lair:5:   layout_roguey
Lair:6:   due_jungle_book, layout_loops_ring, slime_dummy,
          minmay_lair_oklob_bushes
Swamp:1:  layout_basic_swamp, evilmike_swamp_ruin_house_4
Swamp:2:  layout_basic_swamp, evilmike_swamp_ruin_rubble_2
Swamp:3:  layout_falls_marsh, nicolae_swamp_ascending_descending_big,
          uniq_nikola
Swamp:4:  swamp_vile, layout_basic_swamp
Snake:1:  cheibrodos_snake_ritualist_ritual, layout_gridlike, st_stairs_9,
          minmay_shoptagon, uniq_asterion
Snake:2:  layout_onion, serial_shops, bzr_entry_islet,
          nicolae_shop_behind_doors, nicolae_square_shop
Snake:3:  layout_misc_corridors, portal_ice_cave_entry_pillars_four
Orc:1:    layout_caves, basic_altar
Orc:2:    grunt_orc_gardens, layout_caves, grunt_orc_garden, grunt_orc_garden,
          grunt_orc_garden, grunt_orc_garden, serial_shops, nicolae_shop_trees,
          hellmonk_bongcloud_opening
Depths:1: layout_roguey, hangedman_abyss_entry_splay, pf_hell_entry_tar_river,
          serial_shops, nicolae_shop_advertising_works
          [nicolae_subvault_shop_adworks], shop, nicolae_shop_waterfront,
          serial_bayou_pond_e, evilmike_minifort
IceCv:    ice_cave_statue_garden_chambered

Skill      XL: |  1  2  3  4  5  6  7  8  9 10 11 12 13 14 15 16 17 |
---------------+----------------------------------------------------+-----
Fighting       | 4 6 7 8 9 10 11 12 13 | 13.5
Axes           | 3 4 6 7 8 11 12 13 14 15 16 | 16.2
Armour         | 4 6 7 8 10 11 12 13 14 | 14.2
Shields        | 4 5 7 8 10 11 12 | 12.8
Maces & Flails | 2 4 6 7 |  7.6
Polearms       | 2 4 6 7 |  7.6
Throwing       | 2 4 5 6 7 8 9 10 11 12 | 12.0
Evocations     | 2 3 5 6 7 8 9 10 | 10.6
Invocations    | 2 4 6 7 8 9 10 | 10.9
Dodging        | 3 5 7 8 9 10 11 | 11.4

Action                   |  1- 3 |  4- 6 |  7- 9 | 10-12 | 13-15 | 16-18 || total
-------------------------+-------+-------+-------+-------+-------+-------++-------
Melee: War axe           |     6 |   102 |    33 |       |       |       ||   141
       Dagger            |    61 |    46 |       |       |       |       ||   107
       Headbutt          |     9 |    26 |    48 |   163 |   358 |   174 ||   778
       Hand axe          |       |       |   214 |   716 |   941 |       ||  1871
       Broad axe         |       |       |       |       |   209 |   600 ||   809
       Trident           |       |       |       |       |    44 |    30 ||    74
Throw: Dart              |     2 |       |    46 |    17 |       |       ||    65
       Boomerang         |       |       |       |    27 |   423 |   280 ||   730
       Javelin           |       |       |       |       |       |    11 ||    11
Invok: Heroism           |       |       |       |     4 |     3 |       ||     7
       Finesse           |       |       |       |     3 |    10 |     5 ||    18
Evoke: Wand              |       |       |       |       |     1 |       ||     1
  Use: Scroll            |     3 |     3 |     3 |    12 |     8 |     9 ||    38
       Potion            |       |       |     1 |    10 |     4 |     2 ||    17
Armor: Scale mail        |     2 |       |       |       |       |       ||     2
       Chain mail        |    25 |    59 |    53 |       |       |       ||   137
       Leather armour    |       |       |    12 |   155 |       |       ||   167
       Troll leather arm |       |       |       |    78 |   133 |       ||   211
       Plate armour      |       |       |       |       |   161 |   264 ||   425
Dodge: Dodged            |    16 |    43 |    45 |   223 |   312 |   226 ||   865
Block: Buckler           |    11 |    19 |    27 |       |       |       ||    57
       Kite shield       |       |       |    18 |   251 |   456 |   371 ||  1096
